Map: Proxima Station LE

Players

TLO

  • Race: Zerg Zerg
  • Spawn Location: 1:00

Neeb - Winner!

  • Race: Protoss Protoss
  • Spawn Location: 7:00

Event: WCS Valencia 2017

VOD

Have the link to the VOD?

Description

Time

  • Played on: July 13, 2017, 2:01 p.m.
  • Length: 10:31

All games in this series

Show
View Real Time Build Order
Export as new Build Order

TLO Zerg 

Build Orders: Hatch First 

Get SALT Encoding   

  12  0:01  Drone  
  13  0:12  Overlord  
  13  0:18  Drone  
  14  0:30  Drone x2  
  14  0:35  Drone  
  17  0:52  Hatchery  
  17  0:56  Drone  
  17  1:09  Spawning Pool  
  16  1:12  Drone  
  16  1:15  Drone  
  16  1:18  Drone  
  19  1:27  Extractor  
  19  1:28  Overlord  
  18  1:39  Drone  
  19  1:56  Queen, Zergling x2  
  19  2:01  Zergling x2  
  23  2:04  Queen  
  23  2:08  Drone  
  26  2:16  Drone  
  26  2:17  Drone  
  26  2:21  Drone  
  29  2:26  Drone  
  30  2:34  Hatchery  
  29  2:40  Drone x2  
  31  2:49  Queen  
  33  2:52  Overlord  
  33  2:57  Drone  
  34  3:00  Metabolic Boost  
  34  3:04  Drone  
  35  3:07  Drone  
  35  3:12  Drone  
  37  3:13  Drone  
  37  3:14  Drone  
  37  3:15  Drone  
  37  3:19  Drone  
  41  3:25  Zergling x2  
  41  3:30  Overlord  
  41  3:35  Drone  
  41  3:40  Drone  
  42  3:44  Drone  
  42  3:46  Drone  
  42  3:47  Drone x3  
  47  3:52  Lair  
  47  3:54  Extractor, Zergling x2  
  47  3:56  Spore Crawler  
  47  3:58  Zergling x4  
  47  3:59  Drone x3  
  47  4:02  Spore Crawler  
  50  4:06  Spore Crawler  
  50  4:08  Drone  
  50  4:09  Drone  
  51  4:10  Drone  
  52  4:20  Drone x2  
  52  4:21  Drone  
  52  4:22  Spore Crawler  
  52  4:24  Drone x2  
  55  4:27  Drone  
  55  4:28  Drone  
  55  4:29  Drone  
  58  4:33  Extractor x2  
  56  4:39  Overlord  
  56  4:40  Drone, Overlord  
  57  4:49  Drone  
  58  4:53  Hydralisk Den  
  58  4:54  Drone  
  58  4:55  Overlord  
  58  4:57  Drone  
  58  4:59  Drone  
  56  5:00  Drone x3  
  56  5:01  Drone  
  61  5:07  Drone  
  62  5:14  Drone x4  
  62  5:17  Overlord  
  65  5:25  Muscular Augments  
  65  5:28  Overlord  
  65  5:29  Hydralisk x2  
  65  5:32  Hydralisk  
  65  5:34  Hydralisk  
  73  5:36  Hydralisk  
  73  5:40  Hydralisk  
  73  5:42  Hydralisk  
  79  5:43  Hydralisk  
  79  5:46  Hydralisk  
  83  5:51  Hydralisk x2  
  83  5:53  Zergling x2  
  83  5:55  Hydralisk  
  90  6:00  Overlord x2  
  90  6:14  Overseer, Overlord  
  90  6:18  Hydralisk x2, Overlord x2  
  90  6:19  Zergling x2  
  90  6:20  Zergling x6  
  90  6:22  Zergling x2  
  90  6:23  Hydralisk  
  90  6:24  Zergling x2  
  101  6:26  Hydralisk  
  103  6:34  Zergling x2  
  103  6:35  Zergling x12  
  103  6:37  Zergling x2  
  110  6:40  Lurker Den  
  110  6:42  Zergling x2  
  110  6:43  Zergling x2  
  110  6:44  Hydralisk  
  114  6:48  Zergling x4  
  114  6:49  Zergling x2  
  114  6:53  Hydralisk  
  117  6:55  Hydralisk  
  117  6:57  Hydralisk  
  117  6:58  Hydralisk  
  125  7:01  Hydralisk  
  125  7:02  Zergling x2  
  125  7:03  Zergling x2  
  125  7:05  Zergling x2  
  128  7:17  Hydralisk  
  128  7:18  Hydralisk  
  128  7:21  Hydralisk  
  128  7:22  Hydralisk  
  128  7:24  Zergling x2  
  128  7:25  Zergling x2  
  128  7:27  Zergling x2  
  128  7:28  Zergling x4  
  120  7:31  Zergling x4  
  120  7:33  Zergling x4  
  120  7:34  Zergling x2  
  123  7:41  Hydralisk  
  123  7:42  Hydralisk  
  106  7:44  Zergling x2  
  106  7:49  Zergling x4  
  98  7:52  Zergling x2  
  99  7:58  Queen  
  99  7:59  Queen  
  99  8:00  Hydralisk x2  
  99  8:02  Zergling x2  
  99  8:03  Spine Crawler  
  99  8:05  Zergling x2  
  105  8:09  Hydralisk  
  101  8:18  Zergling x2  
  92  8:20  Zergling x4  
  92  8:22  Zergling x2  
  92  8:26  Zergling x8  
  87  8:33  Zergling x2  
  84  8:34  Zergling x2  
  84  8:37  Zergling x4  
  84  8:39  Zergling x2  
  81  8:44  Zergling x2  
  81  8:46  Zergling x2  
  81  8:49  Queen x2  
  81  8:50  Zergling x2  
  81  8:54  Zergling x2  
  87  8:56  Zergling x2  
  87  9:00  Zergling x2  
  89  9:06  Hydralisk  
  89  9:09  Hydralisk  
  93  9:11  Zergling x2  
  93  9:14  Zergling x4  
  93  9:15  Spore Crawler, Hydralisk x2  
  99  9:19  Hydralisk  
  98  9:33  Lurker  
  98  9:36  Zergling x4  
  98  9:37  Zergling x2  
  102  9:39  Overlord  
  102  9:40  Lurker  
  102  9:42  Zergling x4  
  102  9:43  Zergling x2  
  107  9:45  Zergling x2  
  107  9:46  Hydralisk, Zergling x2  
  107  9:49  Zergling x2  
  110  9:55  Hydralisk  
  110  9:59  Hydralisk  
  104  10:01  Zergling x4  
  104  10:03  Zergling x2  
  104  10:05  Zergling x2  
  109  10:07  Zergling x2  
  109  10:10  Zergling x2  
Show
View Real Time Build Order
Export as new Build Order

Neeb Protoss - Winner!

Build Orders: Nexus First, Oracle Opening 

Get SALT Encoding   

  12  0:01  Probe (Chrono Boost)  
  13  0:11  Probe (Chrono Boost)  
  14  0:17  Pylon  
  14  0:22  Probe (Chrono Boost)  
  15  0:35  Probe (Chrono Boost)  
  16  0:46  Probe (Chrono Boost)  
  17  0:58  Nexus  
  18  1:10  Gateway  
  17  1:12  Probe (Chrono Boost)  
  17  1:18  Assimilator  
  18  1:23  Probe (Chrono Boost)  
  19  1:27  Assimilator  
  19  1:33  Probe (Chrono Boost)  
  19  1:36  Pylon  
  20  1:44  Probe (Chrono Boost)  
  21  1:54  Probe (Chrono Boost)  
  21  1:57  Cybernetics Core  
  22  2:05  Probe (Chrono Boost)  
  23  2:15  Pylon, Probe (Chrono Boost)  
  24  2:17  Probe (Chrono Boost)  
  25  2:26  Probe (Chrono Boost)  
  25  2:27  Probe (Chrono Boost)  
  27  2:33  Adept (Chrono Boost)  
  27  2:34  Warp Gate (Chrono Boost)  
  27  2:35  Stargate  
  27  2:36  Probe  
  30  2:37  Probe  
  31  2:47  Probe  
  31  2:49  Probe  
  33  2:58  Probe, Adept (Chrono Boost)  
  35  3:01  Probe  
  37  3:08  Probe  
  37  3:10  Pylon  
  38  3:13  Probe  
  38  3:19  Probe, Oracle (Chrono Boost)  
  39  3:22  Adept  
  39  3:25  Probe (Chrono Boost)  
  46  3:29  Pylon  
  46  3:30  Probe (Chrono Boost)  
  47  3:36  Probe (Chrono Boost)  
  47  3:40  Gateway  
  48  3:43  Probe, Gateway  
  48  3:44  Assimilator  
  48  3:48  Probe, Oracle  
  53  3:55  Probe  
  53  4:01  Twilight Council  
  54  4:03  Probe  
  54  4:04  Pylon  
  54  4:08  Probe  
  56  4:16  Pylon  
  56  4:25  Nexus  
  56  4:31  Phoenix (Chrono Boost)  
  56  4:32  Resonating Glaives (Chrono Boost)  
  56  4:33  Robotics Facility  
  58  4:39  Pylon, Adept  
  60  4:47  Adept  
  62  4:53  Pylon  
  62  5:03  Gateway  
  62  5:05  Gateway x2  
  62  5:11  Gateway  
  62  5:12  Gateway  
  62  5:22  Adept x3  
  62  5:27  Mothership Core  
  71  5:28  Probe  
  71  5:38  Pylon, Warp Prism  
  71  5:40  Probe  
  74  5:45  Adept  
  74  5:46  Probe, Sentry x2  
  74  5:48  Probe  
  82  5:57  Probe  
  82  6:00  Probe  
  82  6:03  Pylon  
  84  6:07  Adept x4  
  92  6:13  Adept x2  
  96  6:20  Adept x2  
  100  6:35  Adept x6  
  100  6:39  Pylon  
  112  6:52  Probe x2  
  112  6:53  Probe  
  115  6:58  Pylon  
  115  6:59  Observer  
  116  7:06  Adept x7  
  116  7:07  Adept  
  128  7:24  Probe, Immortal  
  128  7:25  Probe  
  128  7:26  Probe  
  117  7:36  Probe  
  98  7:50  Adept x2  
  98  7:51  Adept x6  
  88  8:03  Immortal  
  91  8:06  Pylon  
  91  8:07  Pylon, Assimilator  
  91  8:08  Pylon  
  91  8:09  Pylon  
  91  8:10  Adept x3  
  91  8:12  Adept x3  
  103  8:13  Adept  
  103  8:14  Adept  
  103  8:29  Probe x3  
  103  8:30  Assimilator  
  106  8:40  Adept x8  
  110  8:44  Probe x3  
  110  8:46  Observer  
  112  8:58  Nexus  
  112  9:01  Templar Archives  
  112  9:03  Pylon  
  112  9:04  Pylon  
  112  9:07  Adept x2  
  116  9:10  Sentry  
  122  9:17  Immortal  
  122  9:27  Probe x3  
  125  9:31  Sentry  
  125  9:32  Sentry  
  125  9:35  Forge  
  129  9:39  Probe x3, Assimilator  
  130  10:03  Adept x4  
  130  10:04  Adept x4  
  150  10:12  Assimilator  
  150  10:16  Assimilator  
  145  10:30  Adept x8  
Tags
 
Add a new tag
Caveats
  • Supply blocks, unpowered buildings, or Contaminate may cause inaccurate times.
  • Supply counts are checked every 10 seconds.